 Dungeon Crawl Stone Soup version 0.32-a0-876-gcfddb08e57 (webtiles) character file.

Game seed: 15652506754474798091

144 Biggs the Shooter (level 5, -1/29 (38) HPs)
             Began as a Coglin Hunter on Apr 2, 2024.
             Slain by Terence
             ... wielding a +1 hand axe of draining
              (2 damage)
             ... on level 3 of the Dungeon.
             The game lasted 00:02:28 (1508 turns).

Biggs the Shooter (Coglin Hunter)                   Turns: 1508, Time: 00:02:30

HP:   -1/29 (38)    AC:  4    Str: 12    XL:     5   Next: 27%
MP:   5/5           EV: 11    Int:  8    God:
Gold: 126           SH:  0    Dex: 19    Spells: 4/4 levels left

rFire   . . .        a - +2 sling {Luis}
rCold   . . .        d - +0 sling {Huemac}
rNeg    . . .        c - +0 leather armour
rPois   .            r - +0 helmet
rElec   .            (no cloak)
rCorr   .            (no gloves)
SInv    .            (no boots)
Will    .....        (amulet unavailable)
Stlth   ++           (ring unavailable)
HPRegen 0.24/turn    (ring unavailable)
MPRegen 0.09/turn    (no gizmo)

%: no passive effects
@: heavily drained, revved
A: off-hand wielding, slow wielding, warmup strikes, no jewellery
a: Invent Gizmo


You were on level 3 of the Dungeon.
You visited 1 branch of the dungeon, and saw 3 of its levels.

You collected 126 gold pieces.

Inventory:

Hand Weapons
 a - a +2 sling (weapon) {Luis}
 d - a +0 sling (offhand) {Huemac}
Missiles
 l - a throwing net
Armour
 c - a +0 leather armour (worn)
 r - a +0 helmet (worn)
Scrolls
 b - a scroll of butterflies
 f - a scroll of teleportation {unknown}
 h - a scroll of torment {unknown}
 i - 2 scrolls of revelation {unknown}
 k - a scroll of acquirement {unknown}
 n - a scroll of vulnerability {unknown}
 o - a scroll of enchant armour {unknown}
 p - a scroll of brand weapon {unknown}
Potions
 e - a potion of mutation {unknown}
 g - 3 potions of haste {unknown}
 j - 2 potions of might {unknown}
 m - a potion of degeneration {unknown}
 q - a potion of curing {unknown}


   Skills:
 - Level 2.0 Fighting
 + Level 5.8 Ranged Weapons
 - Level 1.7 Dodging
 - Level 0.7 Stealth


You had 4 spell levels left.
You didn't know any spells.
Your spell library was empty.

Dungeon Overview and Level Annotations

Branches:
Dungeon (3/15)

Altars:
Kikubaaqudgha

Annotations:
D:3 Terence


Innate Abilities, Weirdness & Mutations

You can wield a second weapon in your off-hand.
It takes a long time for you to wield or remove held weapons.
Your first few attacks do less damage.
You cannot equip rings or amulets.


Message History

You shoot a sling bullet. The sling bullet hits Terence.
Terence is severely wounded.
Terence hits you with a +1 hand axe of draining!
You feel drained.
Unknown command.
You shoot a sling bullet. The sling bullet barely misses Terence.
You shoot a sling bullet. The sling bullet barely misses Terence.
Terence hits you with a +1 hand axe of draining.
You feel drained.
You shoot a sling bullet.
The sling bullet hits Terence but does no damage.
Terence is severely wounded.
You shoot a sling bullet.
The sling bullet hits Terence but does no damage.
Terence is severely wounded.
Terence closely misses you.
Terence hits you with a +1 hand axe of draining!
* * * LOW HITPOINT WARNING * * *
You feel drained.
* * * LOW HITPOINT WARNING * * *
You are too injured to fight recklessly!
You are too injured to fight recklessly!
Unknown command.
You are too injured to fight recklessly!
You are too injured to fight recklessly!
Unknown command.
Fire: a) +2 sling {Luis}
Press: ? - help, Q - select action, (/) - cycle Shift-Dir - straight line, f/p - Terence
Aim: Terence, wielding a +1 hand axe of draining and wearing a +0 chain mail (severely wounded, 71% to hit)
You shoot a sling bullet.
The sling bullet hits Terence but does no damage.
Terence is severely wounded.
You shoot a sling bullet.
The sling bullet hits Terence but does no damage.
Terence is severely wounded.
Terence hits you with a +1 hand axe of draining.
* * * LOW HITPOINT WARNING * * *
You feel drained.
You die...
Terence says, "Rest in peace."

##
##..######...........
#.##..#.#
##.###.###.# #.#.#.##
##...## #.# #...##
##### .. ##.#######
.# #.......#
#..####.# #..####
#...@.# ##.##@# #.#
.# #.. .. ### .## .#
.# ..


You could see Terence.

Vanquished Creatures
  2 adders
  4 gnolls (D:2)
  3 ribbon worms
  A dart slug (D:2)
  4 orcs (D:3)
  3 ball pythons (D:1)
  9 bats
  5 endoplasms
  6 giant cockroaches
  7 goblins
  7 hobgoblins
  3 jackals (D:2)
  3 kobolds
  5 quokkas
  3 frilled lizards
  3 rats
68 creatures vanquished.

Notes
Turn   | Place    | Note
-------+----------+-------------------------------------------
     0 | D:1      | Biggs the Coglin Hunter began the quest for the Orb.
     0 | D:1      | Reached XP level 1. HP: 16/16 MP: 1/1
    56 | D:1      | Reached skill level 4 in Ranged Weapons
    56 | D:1      | Reached XP level 2. HP: 22/22 MP: 2/2
   200 | D:1      | Reached XP level 3. HP: 27/27 MP: 3/3
   245 | D:1      | Found a faded altar of an unknown god.
   589 | D:2      | Reached skill level 5 in Ranged Weapons
   589 | D:2      | Reached XP level 4. HP: 33/33 MP: 4/4
   665 | D:2      | Found an ancient bone altar of Kikubaaqudgha.
  1075 | D:2      | Reached XP level 5. HP: 37/38 MP: 5/5
  1496 | D:3      | Noticed Terence
  1508 | D:3      | HP: 1/30 [Terence/+1 hand axe of draining (5)]
  1508 | D:3      | Slain by Terence

Illustrated notes

Levels and vault maps discovered:
D:1:      scummos_arrival_checkerplants, layout_basic,
          shapermc_ecumenical_altar_mp_highgroup, nrook_campfire
D:2:      layout_basic, basic_altar, reono_crystal_passage, interstate_on_off,
          hangedman_decor_growths, hangedman_abyss_or_decor_lesser_grid
D:3:      layout_loops_cross, uniq_terence

Skill      XL: |  1  2  3 |
---------------+----------+-----
Ranged Weapons | 4 5 |  5.8
Fighting       | |  2.0
Dodging        | |  1.7
Stealth        | |  0.7

Action                     |  1- 3 |  4- 6 || total
---------------------------+-------+-------++-------
   Fire: Sling             |   120 |   172 ||   292
 Armour: Leather armour    |     7 |    12 ||    19
  Dodge: Dodged            |     8 |     7 ||    15

Table legend: (Time is in decaauts)
 A = Elapsed time spent in this place.
 B = Non-inter-level travel time spent in this place.
 C = Inter-level travel time spent in this place.
 D = Time resting spent in this place.
 E = Time spent auto-exploring this place.
 F = Levels seen in this place.
 G = Mean time per level.
                   A        B        C        D        E       F      G
               +--------+--------+--------+--------+--------+-----+--------+
         Total |   1535 |   1522 |     13 |      0 |   1235 |   3 |  511.7 |
       Dungeon |   1535 |   1522 |     13 |      0 |   1235 |   3 |  511.7 |
               +--------+--------+--------+--------+--------+-----+--------+

Top non-repeatable levels by time:
     D:2: 744 daAuts
     D:1: 557 daAuts
     D:3: 232 daAuts
